cohdb
Replays
Latest Replays
All Replays
Popular Replays
Top Player Replays
Match Explorer
How It Works
Community
CoH3 Stats
Reddit
Sign in to upload your games and track your stats! →
Sign in with Steam
Match 38642565
Unlisted
Match 38642565
Overview
Messages
Build Orders
End
Scout Squad
Construct Barracks
Selects Advanced Infantry Battlegroup
Riflemen Squad
Riflemen Squad
M1 Mortar Team
Infantry Support Center
Riflemen Squad
Selects Convert to Ranger Squad
Selects Artillery Observers
Construct Motor Pool
M8 Greyhound Armored Car
Convert to Ranger Squad
Engineer Squad
Advanced Logistics
Selects M2A1 105mm Howitzer Emplacement
M1 Anti-tank Gun Team
Construct Tank Depot
Selects Free Fire Drills
Selects Designate Assault Position
M4A1 Sherman Medium Tank
BigTiddyLebron
Genki
Pro Cross
spaghet lord
0
0
Comments
sign in to comment!
No comments posted yet!